AoeStats
← HONZAzHOVNA

Arabia

509715301Analyzed
1v1 RM · 4d ago on Sep 27, 2026· 41m 4s· 2 players
Game mode
Random Map
Map size
Tiny (2 player)
Population
200
Speed
Normal
Resources
Standard
Victory
Conquest
Starting age
Dark Age
Ending age
Imperial Age
RankedLock teamsTeams togetherTeam positionsShared explorationLock speedFull tech treeHidden civsTurbo modeCheats
Victory
Defeat
🇨🇿 Mongols · Czechia
441
+17
🇩🇪 Persians · Germany
466
-17
HONZAzHOVNA
13:12 Loom
16:13 Feudal Age
17:11 Horse Collar
17:21 Double-Bit Axe
18:25 Man-at-Arms
21:39 Wheelbarrow
21:24 Gold Mining
23:01 Bloodlines
27:57 Castle Age
28:39 Stone Mining
29:45 Pikeman
30:25 Squires
31:34 Light Cavalry
32:37 Hand Cart
32:59 Padded Archer Armor
33:06 Scale Barding Armor
33:03 Scale Mail Armor
32:54 Fletching
38:06 Imperial Age
37:34 Murder Holes
38:00 Ballistics
38:16 Husbandry
41:04 Chemistry
ShrekTheKek
2:00 Loom
2:33 Loom
10:04 Feudal Age
12:15 Wheelbarrow
11:30 Double-Bit Axe
16:10 Horse Collar
20:05 Castle Age
20:48 Hand Cart
20:50 Bow Saw
23:17 Pikeman
32:32 Scale Barding Armor
39:12 Imperial Age
37:43 Fletching
38:15 Chain Barding Armor
Connection lost

Rejoining the realm…

Still unreachable

The connection could not be restored.

Session expired

The server has moved on; the page needs a fresh start.